 Dungeon Crawl Stone Soup version 0.28.0-53-g5a82cb258f (console) character file.

Game seed: 5346827963823453534

1644716 GreatCaesar the Sorcerer (level 27, 205/205 HPs)
             Began as a Djinni Hedge Wizard on Aug 26, 2022.
             Was the Champion of Makhleb.
             Escaped with the Orb
             ... and 3 runes on Sept 5, 2022!
             The game lasted 11:25:15 (72429 turns).

GreatCaesar the Sorcerer (Djinni Hedge Wizard)     Turns: 72429, Time: 11:25:15

Health: 205/205    AC: 17    Str: 20    XL:     27
Gold:   4059       EV: 19    Int: 29    God:    Makhleb [******] SH: 29 Dex: 14

rFire   + + +      SeeInvis +   a - +3 spear {freeze, rElec rF- rC+++ rN+++}
rCold   + + +      Faith    .   i - +8 tower shield {rF+}
rNeg    + + +      Spirit   .   d - +3 troll leather armour
rPois   ∞          Reflect  .   h - +3 crown of Dyrovepreva {rElec Int+2 SInv}
rElec   +          Harm     .   e - scarf {rC+ rF+}
rCorr   .          Rampage  .   g - +1 pair of gloves {infuse}
Will    +++..      Rage     1%  (boots unavailable)
Stlth   ++........              F - amulet "Sighom" {rPois Regen+ Str+4 Stlth+}
HPRegen 2.04/turn               P - ring "Rorgha" {Will+ AC+4 Str+7}
MPRegen 0.00/turn               W - ring of wizardry

@: flying, studying 3 skills
A: sickness immunity, fire resistance 2, cold vulnerability 1, float, innate
caster, HP casting, extra vitality 1, berserk 1, clumsy 1, MP-powered wands
0: Orb of Zot
}: 3/15 runes: decaying, silver, gossamer
a: Renounce Religion, Minor Destruction, Lesser Servant of Makhleb, Major
Destruction, Greater Servant of Makhleb


You escaped.
You worshipped Makhleb.
Makhleb was exalted by your worship.
You visited 9 branches of the dungeon, and saw 48 of its levels.
You also visited: Trove, Sewer, Ice Cave and Desolation.

You collected 8812 gold pieces.
You spent 4753 gold pieces at shops.

Inventory:

Hand Weapons
 a - the +3 spear of Dithmenos's Grace (weapon) {freeze, rElec rF- rC+++ rN+++}
   (You found it on level 9 of the Dungeon)

   It freezes those it strikes, dealing additional cold damage.
   It can also slow down cold-blooded creatures.
   rF:        It makes you vulnerable to fire.
   rC:        It renders you almost immune to cold.
   rElec:     It insulates you from electricity.
   rN:        It renders you almost immune to negative energy.
 b - the +7 trident of Watchfulness {vorpal, Int+5}
   (You found it on level 8 of the Dungeon)

   It inflicts extra damage upon your enemies.
   Int:       It affects your intelligence (+5).
 c - the +2 spear "Zedirchev" {drain, rPois rF+ Str-4 Int+8 Dex-4}
   (You found it in the Desolation of Salt)

   A truly terrible weapon, it drains the life of any living foe it strikes.
   Str:       It affects your strength (-4).
   Int:       It affects your intelligence (+8).
   Dex:       It affects your dexterity (-4).
   rF:        It protects you from fire.
   rPois:     It protects you from poison.
Missiles
 l - a throwing net
 O - 16 boomerangs
Armour
 d - a +3 troll leather armour (worn)
 e - a scarf of resistance (worn)
 g - a +1 pair of gloves of infusion (worn)
 h - the +3 crown of Dyrovepreva (worn) {rElec Int+2 SInv}
   (You found it on level 3 of the Elven Halls)

   Int:       It affects your intelligence (+2).
   rElec:     It insulates you from electricity.
   SInv:      It lets you see invisible.
 i - a +8 tower shield of fire resistance (worn)
 j - the +1 robe "Bupnucoq" {Will+ Archmagi}
   (You took it off a deep elf annihilator on level 3 of the Elven Halls)

   Archmagi:  It increases the power of your magical spells.
   Will:      It increases your willpower.
 x - a +0 kite shield of cold resistance
Magical Staves
 q - a staff of conjuration
Jewellery
 w - the ring "Jicado" {rElec rN+ Will+ Slay+4}
   (You found it on level 14 of the Dungeon)

   [ring of slaying]

   Slay:      It affects your accuracy & damage with ranged weapons and melee
   (+4).
   rElec:     It insulates you from electricity.
   rN:        It protects you from negative energy.
   Will:      It increases your willpower.
 E - an amulet of regeneration
 F - the amulet "Sighom" (around neck) {rPois Regen+ Str+4 Stlth+}
   (You took it off a vault warden on level 5 of the Vaults)

   [amulet of regeneration]

   Str:       It affects your strength (+4).
   rPois:     It protects you from poison.
   Regen:     It increases your rate of health regeneration.
   Stlth:     It makes you more stealthy.
 I - a +6 ring of intelligence
 P - the ring "Rorgha" (left hand) {Will+ AC+4 Str+7}
   (You took it off a deep elf death mage on level 3 of the Elven Halls)

   [ring of protection]

   AC:        It affects your AC (+4).
   Str:       It affects your strength (+7).
   Will:      It increases your willpower.
 T - an amulet of the acrobat
 W - a ring of wizardry (right hand)
Wands
 f - a wand of flame (38)
 A - a wand of mindburst (30)
 B - a wand of paralysis (3)
 D - a wand of digging (28)
 G - a wand of iceblast (21)
 R - a wand of acid (9)
Scrolls
 n - 4 scrolls of summoning
 p - 2 scrolls of holy word
 s - 6 scrolls of fear
 t - 8 scrolls of fog
 J - 6 scrolls of noise
 M - a scroll of acquirement
 V - 4 scrolls of blinking
 X - 19 scrolls of teleportation
Potions
 k - 4 potions of brilliance
 o - 8 potions of heal wounds
 u - 2 potions of cancellation
 v - 3 potions of resistance
 z - 2 potions of haste
 H - 12 potions of curing
 K - 7 potions of might
 L - 4 potions of ambrosia
 N - 4 potions of berserk rage
 Q - 10 potions of mutation
 U - 3 potions of invisibility
Miscellaneous
 r - a phantom mirror
 C - a box of beasts


   Skills:
 * Level 20.0 Fighting
 - Level 0.2 Short Blades
 - Level 12.0 Polearms
 - Level 4.8 Armour
 * Level 17.9 Dodging
 - Level 5.0 Stealth
 * Level 20.1 Shields
 + Level 26.1 Spellcasting
 - Level 15.0 Invocations


You couldn't memorise any spells.
You knew the following spells:

 Your Spells              Type           Power      Damage    Failure   Level
a - Magic Dart            Conj           100%       1d8       0%          1
b - Ensorcelled Hibernat  Hex/Ice        100%       N/A       0%          2
c - Mephitic Cloud        Conj/Pois/Air  100%       N/A       0%          3
d - Vampiric Draining     Necr           100%       2d13      0%          3
e - Slow                  Hex            100%       N/A       0%          1
f - Fire Storm            Conj/Fire      56%        8d14      1%          9
g - Dazzling Flash        Conj/Hex       100%       N/A       0%          3
h - Sandblast             Erth           100%       2d20      0%          1
i - Call Imp              Summ           100%       N/A       0%          2
k - Chain Lightning       Conj/Air       56%        3d75      1%          9
l - Lehudib's Crystal Sp  Conj/Erth      56%        10d13     1%          8
m - Conjure Flame         Conj/Fire      100%       6-21      0%          3
s - Iskenderun's Battles  Conj           100%       2d15      0%          5
z - Death Channel         Necr           56%        N/A       0%          6
B - Blink                 Tloc           100%       N/A       0%          2
C - Summon Cactus Giant   Summ           56%        N/A       0%          6
D - Dragon Form           Tmut           56%        N/A       1%          7
F - Summon Forest         Summ/Tloc      56%        N/A       0%          5
M - Monstrous Menagerie   Summ           56%        N/A       1%          7
Your spell library was empty.

Dungeon Overview and Level Annotations

Branches:
Dungeon (15/15)            Temple (0/1) D:5            Lair (6/6) D:9
  Swamp (4/4) Lair:3       Spider (4/4) Lair:2        Slime (0/5) Lair:6
    Orc (2/2) D:12            Elf (3/3) Orc:2        Vaults (5/5) D:13
  Crypt (0/3) Vaults:2     Depths (4/4) D:15            Zot (5/5) Depths:4
  Sewer (visited)           IceCv (visited)         Desolation (visited)

Altars:
Ashenzari
Kikubaaqudgha
Makhleb
Nemelex Xobeh
Qazlal
Uskayaw
Wu Jian
Xom
Yredelemnul

Shops:
D:9 [   D:11 :   Orc:2 (?=[   Elf:1 *   Vaults:1 *   Vaults:2 :   Vaults:3 *
Vaults:5 (*   Zot:4 *   Depths:3 *[

Portals:
Hell: Depths:1 Depths:2 Depths:3 Depths:4
Abyss: Depths:3
Pandemonium: Depths:2 Depths:3
Ziggurat: Depths:4

Annotations:
Elf:2 3 runed translucent doors


Innate Abilities, Weirdness & Mutations

You are immune to sickness and miasma.
You are immune to poison.
Your flesh is very heat resistant. (rF++)
You are vulnerable to cold. (rC-)
You float through the air rather than walking.
You learn spells naturally, not from books.
Your magical power is your life essence.
You have superior vitality. (+4 MHP)
You tend to lose your temper in combat.
You are clumsy. (Dex -2)
You expend health (3 HP) to strengthen your wands.


Message History

Confirm with . or Enter, or press ? or * to list all spells.
Lightning arcs from your hands!
The bolt of lightning hits the rakshasa!!!!
You kill the rakshasa!
Makhleb accepts your kill.
You feel better. The bolt of lightning hits you! You resist.
Casting: Chain Lightning (dangerous; 1% risk of failure)
Confirm with . or Enter, or press ? or * to list all spells.
Lightning arcs from your hands!
The bolt of lightning hits the Orb Guardian!!!!
You kill the Orb Guardian!
Makhleb accepts your kill.
Unknown command.
(D) Dungeon (T) Temple (L) Lair (S) Swamp (N) Spider Nest (M) Slime Pits (O) Orcish Mines (E) Elven Halls (V) Vaults (C) Crypt (U) Depths (H) Hell (Z) Zot
Where to? (* - list waypoints, Enter - D:1 @ (x,y), ? - help)
A smoke demon comes into view.
Things that are here:
a +0 long sword; a +0 robe
Casting: Chain Lightning (dangerous; 1% risk of failure)
Confirm with . or Enter, or press ? or * to list all spells.
Lightning arcs from your hands!
The bolt of lightning hits the smoke demon!!!
You kill the smoke demon!
Makhleb accepts your kill.
You feel better.
(D) Dungeon (T) Temple (L) Lair (S) Swamp (N) Spider Nest (M) Slime Pits (O) Orcish Mines (E) Elven Halls (V) Vaults (C) Crypt (U) Depths (H) Hell (Z) Zot
Where to? (* - list waypoints, Enter - D:1 @ (x,y), ? - help)
There is a staircase leading out of the dungeon here.
You start resting.
HP restored.
Enter note: Woot!
Unknown command.
Unknown command.
You have escaped!

#.# #...#.....###.....# ##### #.#
#.###.....# #.....## #....
#.####.##.....## ##.....# #....
#....#.##..#..# #..#..####....
####.#.##..#..# #..#..#).'....
#####(#.##.....## ##.....#.##....
......#.###.....# #.....##.##....
..#####.###.....###.....##.##....
..+......^##....@#.....###.##†...
..#####.#.###.........##.#.#####.
### #.#.# ###.....###..#'### #.
#######.#.# ####### #......# #.
........#.# #......# ##
........#.# #......# ........#.#
#......#
#####'###.#############......#
.......................).....#


There were no monsters in sight!

Vanquished Creatures
  4 dread liches (Zot:5)
  3 orbs of fire (Zot:5)
  6 ancient liches
  Sojobo (Vaults:5)
  Boris (Vaults:5)
  5 curse toes
  A pandemonium lord (Depths:4)
  8 Killer Klowns
  Frederick (Vaults:3)
  4 caustic shrikes
  7 golden dragons
  A bone dragon (Depths:3)
  3 electric golems
  17 tentacled monstrosities
  A hellephant (Zot:1)
  2 liches
  26 Orb Guardians
  Asterion (Vaults:3)
  A titan (Vaults:5)
  A walking frostbound tome (Depths:4)
  8 quicksilver dragons
  7 death cobs
  A thorn hunter (Swamp:2)
  3 sphinxes
  7 shadow dragons
  Kirke (D:12)
  3 tengu reavers
  A fenstrider witch (Swamp:2)
  17 storm dragons
  4 fire giants
  The ghost of AyAyRon the Bludgeoner, an adept DsFi of Yredelemnul (D:15)
  9 draconian monks
  3 frost giants
  3 draconian shifters
  10 vault wardens
  A balrug (D:12)
  An iron dragon (Vaults:5)
  3 draconian scorchers
  4 draconian knights
  An orc warlord (Vaults:2)
  2 curse skulls (Depths:3)
  3 ghost moths
  A spectral caustic shrike (Depths:1)
  3 draconian stormcallers (Zot:3)
  4 ironbound preservers
  9 draconian annihilators
  A war gargoyle (Vaults:5)
  5 stone giants
  A caustic shrike skeleton (Depths:2)
  4 very ugly things
  4 ironbound thunderhulks
  11 black draconians
  3 deep elf demonologists (Vaults:5)
  2 eleionomae
  A juggernaut skeleton (Depths:3)
  12 green draconians
  A halazid warlock (Desolation)
  10 purple draconians
  2 vampire knights
  7 spark wasps
  An entropy weaver (shapeshifter) (Vaults:5)
  6 red draconians
  14 white draconians
  25 yellow draconians
  An entropy weaver (Spider:4)
  A deep elf annihilator (Elf:3)
  A dire elephant (Zot:2)
  2 deep elf death magi
  A green death (Depths:3)
  6 ettins
  A merfolk javelineer (Depths:1)
  2 ragged hierophants (Desolation)
  3 fire dragons
  2 jiangshi (D:15)
  2 deep elf high priests
  A crystal guardian (Desolation)
  5 ice dragons
  3 peacekeepers
  7 yaktaur captains
  The ghost of Howuklu the Eclecticist, a journeyman DjCA of Ignis (D:13)
  2 boulder beetles
  4 great orbs of eyes
  7 hydras
  An ice dragon (shapeshifter) (Vaults:5)
  4 spriggan air magi
  22 vault guards
  3 servants of whispers (Desolation)
  3 rakshasas
  2 spriggan skeletons (Depths:3)
  4 ironbound frosthearts
  A centaur warrior (Vaults:1)
  3 dancing weapons (Elf:2)
  A vampire mage (D:15)
  5 two-headed ogres
  4 alligators
  2 deep troll shamans
  2 orc high priests (Orc:2)
  5 death yaks (Lair:6)
  2 deep troll earth magi (Vaults:5)
  A large abomination (D:13)
  A tengu warrior (Depths:2)
  Urug (D:13)
  6 sun demons
  A spriggan berserker (Depths:3)
  A soul eater (D:13)
  5 deep elf knights
  A fire crab (Lair:5)
  4 iron trolls
  A fire crab (shapeshifter) (Vaults:5)
  A titan skeleton (Depths:3)
  3 skeletal warriors (Depths:3)
  A pharaoh ant (Spider:2)
  A spriggan druid (Swamp:3)
  2 sixfirhies
  2 flayed ghosts
  A goliath frog (Swamp:4)
  2 obsidian statues
  21 deep trolls
  A swamp dragon (Swamp:3)
  3 orb spiders (Spider:4)
  8 deep elf archers
  6 wizards
  2 harpies (Vaults:3)
  A bog body (Swamp:4)
  4 phantasmal warriors
  A golden dragon skeleton (Depths:3)
  16 ironbound convokers
  3 orc knights
  9 deep elf pyromancers
  4 lindwurms
  16 ugly things
  An oklob plant (Lair:4)
  7 deep elf zephyrmancers
  A tengu skeleton (Depths:3)
  3 orc sorcerers (Orc:2)
  A wolf spider (Spider:1)
  2 cyclopes
  14 elephants
  An iron dragon skeleton (Depths:3)
  2 manticores
  Joseph (D:8)
  24 moths of wrath
  6 vault sentinels
  5 black mambas
  2 rust devils
  3 cane toads
  A smoke demon (D:1)
  A demonic crawler (Spider:2)
  A gargoyle (D:11)
  2 storm dragon simulacra (IceCv)
  3 orange demons
  4 komodo dragons
  An unseen horror (D:9)
  A hellion (D:15)
  A komodo dragon (shapeshifter) (Vaults:5)
  Psyche (D:9)
  An efreet (D:13)
  2 tengu conjurers (Depths:3)
  A rime drake (Lair:2)
  An ice devil (D:13)
  10 yaktaurs
  A hellwing (Depths:3)
  10 meliai
  3 trolls
  A bloated husk (Swamp:3)
  3 polar bears
  A golden dragon simulacrum (IceCv)
  A meliai (shapeshifter) (Elf:2)
  3 tarantellas
  15 slime creatures
  2 tyrant leeches
  3 dream sheep (Lair:3)
  9 hornets
  13 blink frogs
  8 saltlings (Desolation)
  5 jumping spiders
  7 flying skulls (Depths:3)
  8 water elementals
  Sigmund (D:6)
  A vampire (D:11)
  An air elemental (Elf:3)
  A shadow (D:11)
  A wraith (D:10)
  4 wyverns
  14 yaks
  3 spriggans
  6 hogs (D:12)
  2 fire elementals
  3 basilisks
  7 humans (Zot:2)
  A neqoxec (Depths:3)
  9 redbacks
  4 swamp worms (Swamp:3)
  2 wargs
  4 vampire mosquitoes (D:10)
  A warg (shapeshifter) (D:9)
  11 water moccasins
  7 orc warriors
  An ice beast (D:7)
  4 black bears
  A necrophage (D:6)
  10 ogres
  7 wolves
  10 centaurs
  A boggart (Vaults:1)
  2 phantoms
  8 kobold brigands
  10 bullfrogs
  A water moccasin zombie (D:5)
  2 water moccasin skeletons
  7 killer bees
  3 lindwurm simulacra (IceCv)
  4 wights (D:9)
  An electric eel (Lair:3)
  A howler monkey (D:11)
  2 crimson imps (D:13)
  A bullfrog zombie (D:6)
  3 centaur zombies
  A quasit (D:13)
  3 gnoll shamans
  7 jellies
  6 orc priests
  A bullfrog skeleton (D:5)
  2 hounds
  A centaur skeleton (D:7)
  2 iron imps (D:13)
  An iguana (D:4)
  6 orc wizards
  A hound skeleton (D:4)
  A howler monkey zombie (D:9)
  15 gnolls
  8 adders
  6 river rats
  3 white imps
  2 ufetubi (D:13)
  An adder skeleton (D:4)
  5 worms
  3 dart slugs
  41 orcs
  14 ball pythons
  11 endoplasms
  9 giant cockroaches
  6 goblins
  5 hobgoblins
  4 jackals (Sewer)
  A quokka (D:2)
  3 bats
  7 frilled lizards
  13 kobolds
  12 rats
  2 snaplasher vines
1122 creatures vanquished.

Vanquished Creatures (collateral kills)
  A dread lich (Vaults:5)
  A juggernaut (Depths:3)
  Bai Suzhen (Swamp:4)
  Saint Roka (Depths:4)
  the Lernaean hydra (Swamp:4)
  3 caustic shrikes (Depths:4)
  2 golden dragons
  Nikola (Swamp:4)
  A bone dragon (Depths:4)
  4 tentacled monstrosities
  4 Orb Guardians (Zot:5)
  2 deep elf master archers (Elf:3)
  Mlioglotl (Swamp:3)
  2 quicksilver dragons
  A titan (Vaults:5)
  2 deep elf blademasters (Elf:3)
  2 storm dragons
  Frances (Spider:1)
  A shadow dragon (Vaults:5)
  2 tengu reavers
  An iron dragon (Depths:3)
  Aizul (Spider:1)
  9 vault wardens
  3 emperor scorpions
  3 frost giants
  5 fire giants
  5 deep elf sorcerers
  A spectral caustic shrike (Depths:1)
  Louise (Depths:3)
  A ghost moth (Spider:2)
  7 deep elf elementalists
  7 very ugly things
  A caustic shrike skeleton (D:15)
  6 broodmothers (Spider:4)
  4 stone giants
  13 ironbound preservers
  A war gargoyle (Vaults:1)
  A juggernaut skeleton (Depths:3)
  A vampire knight (Depths:3)
  A reaper (Depths:2)
  9 entropy weavers
  2 green draconians
  3 ironbound thunderhulks
  A black draconian (Zot:4)
  2 deep elf demonologists (Elf:3)
  9 deep elf annihilators
  4 eleionomae
  2 bunyips
  2 purple draconians
  2 red draconians (Zot:1)
  5 spark wasps
  4 white draconians
  2 yellow draconians (Depths:4)
  5 deep elf death magi
  3 ettins
  3 crystal guardians (Desolation)
  A merfolk javelineer (Depths:1)
  5 ragged hierophants (Desolation)
  5 deep elf high priests
  3 great orbs of eyes
  Josephine (D:11)
  A fire dragon (Depths:2)
  3 shambling mangroves
  8 yaktaur captains
  8 boulder beetles
  2 hell beasts (Depths:4)
  16 vault guards
  3 ice dragons
  15 hydras
  5 peacekeepers
  A ghost crab (Swamp:3)
  2 radroaches (Spider:4)
  2 jorogumos (Spider:4)
  4 ironbound frosthearts
  5 servants of whispers (Desolation)
  A spriggan air mage (Depths:3)
  A catoblepas (Lair:6)
  5 centaur warriors
  5 alligators
  A deep troll shaman (Depths:2)
  9 dancing weapons
  An ogre mage (Vaults:5)
  A tengu warrior (Depths:2)
  2 two-headed ogres (Vaults:5)
  3 spriggan berserkers (Depths:3)
  An orc high priest (Orc:2)
  6 death yaks (Lair:6)
  A soul eater (Depths:3)
  Sonja (Lair:2)
  2 vampire magi
  4 deep troll earth magi
  5 deep elf knights
  3 titan skeletons (Depths:3)
  4 iron trolls
  A sun moth (Spider:4)
  4 goliath frogs
  6 skeletal warriors
  4 steelbarb worms
  2 glowing orange brains (Vaults:1)
  A large abomination (D:13)
  7 pharaoh ants
  26 deep trolls
  3 spriggan druids
  The ghost of jokaro the Basher, a novice GrFi of Okawaru (D:7)
  4 golden dragon skeletons (Depths:3)
  9 bog bodies
  10 orb spiders
  A steelbarb worm (shapeshifter) (Elf:3)
  15 swamp dragons
  An orange crystal statue (IceCv)
  5 deep elf archers
  4 orc knights (Orc:2)
  A sphinx zombie (D:15)
  4 harpies
  25 deep elf zephyrmancers
  3 phantasmal warriors (Vaults:5)
  9 ironbound convokers
  16 deep elf pyromancers
  2 lindwurms
  11 ugly things
  3 wizards
  2 necromancers
  A mana viper (shapeshifter) (Vaults:5)
  A tengu skeleton (Depths:3)
  An orc sorcerer (Orc:2)
  A salamander (shapeshifter) (Vaults:1)
  14 wolf spiders
  A stone giant zombie (D:15)
  A sphinx skeleton (Depths:3)
  3 oklob plants (Lair:4)
  A manticore (D:15)
  4 will-o-the-wisps
  A cyclops (D:14)
  A moth of wrath (Spider:1)
  An iron dragon skeleton (Depths:3)
  12 vault sentinels
  4 guardian serpents (Desolation)
  A black mamba (Lair:3)
  3 fire giant skeletons (Depths:3)
  6 elephants
  A centaur zombie (D:11)
  2 ice statues (Swamp:3)
  2 storm dragon simulacra (IceCv)
  9 torpor snails
  2 molten gargoyles (Desolation)
  15 yaktaurs
  A spriggan zombie (D:15)
  4 rime drakes (D:13)
  2 efreet (D:14)
  12 demonic crawlers
  A kobold demonologist (D:10)
  7 golden dragon simulacra
  5 komodo dragons
  A hellwing (Depths:2)
  2 tengu conjurers (Depths:2)
  3 polar bears (Lair:5)
  8 meliai
  A troll (shapeshifter) (Elf:1)
  3 trolls
  A tarantella (shapeshifter) (Elf:2)
  14 tarantellas
  A bloated husk (Swamp:4)
  6 tyrant leeches
  52 saltlings
  8 hornets
  16 slime creatures
  A dream sheep (shapeshifter) (Vaults:5)
  9 dream sheep
  4 blink frogs
  A stone giant simulacrum (Depths:2)
  6 spriggans
  21 jumping spiders
  19 culicivoras
  3 centaur simulacra (D:13)
  A vampire (D:10)
  13 water elementals
  5 wraiths (D:11)
  10 yaks
  A fire elemental (Elf:2)
  2 nameless horrors
  A basilisk (Lair:5)
  A hog (D:12)
  47 redbacks
  A chaos spawn (Depths:2)
  3 vampire mosquitoes (Swamp:1)
  2 nagas (shapeshifter)
  3 wargs
  10 swamp worms
  A water moccasin (Lair:6)
  5 ice dragon simulacra (IceCv)
  15 orc warriors
  6 swamp drakes (Swamp:4)
  3 ogres
  5 boggarts (Vaults:1)
  9 wolves
  11 centaurs
  5 earth elementals
  3 lindwurm simulacra (IceCv)
  3 killer bees (D:11)
  2 electric eels (Lair:3)
  6 orc priests
  A gnoll shaman (D:9)
  8 orc wizards
  3 gnolls (D:9)
  A white imp (D:13)
  31 orcs
  3 kobolds (D:10)
  A bush (Lair:2)
1012 creatures vanquished.

Vanquished Creatures (others)
  A draconian scorcher (Zot:1)
  A black draconian (Zot:1)
  A deep elf high priest (Vaults:5)
  A two-headed ogre (Vaults:5)
  4 deep elf knights
  A goliath frog (Swamp:4)
  A wizard (Vaults:2)
  A hornet (Swamp:4)
  A culicivora (Spider:4)
  A swamp drake (Swamp:4)
  139 fire vortices
  8 foxfires (Swamp:4)
  82 fungi
  105 plants
  41 snaplasher vines
  12 withered plants
400 creatures vanquished.

Grand Total: 2534 creatures vanquished

Notes
Turn   | Place    | Note
-------+----------+-------------------------------------------
     0 | D:1      | GreatCaesar the Djinni Hedge Wizard began the quest for the
                  | Orb.
     0 | D:1      | Reached XP level 1. HP: 15/15 MP: 0/0
   481 | D:1      | Reached XP level 2. HP: 18/21 MP: 0/0
   745 | D:1      | Reached skill level 3 in Spellcasting
   745 | D:1      | Reached XP level 3. HP: 19/26 MP: 0/0
   745 | D:1      | Learned a level 1 spell: Sandblast
  2414 | D:2      | Reached XP level 4. HP: 26/31 MP: 0/0
  2437 | D:2      | Reached skill level 1 in Fighting
  3228 | D:2      | Reached XP level 5. HP: 24/37 MP: 0/0
  3228 | D:2      | Learned a level 2 spell: Ensorcelled Hibernation
  3630 | D:3      | Found a faded altar of an unknown god.
  3650 | D:3      | Prayed at the altar of an unknown god.
  3650 | D:3      | Became a worshipper of Makhleb the Destroyer
  3650 | D:3      | Reached * piety under Makhleb
  4293 | D:3      | Reached skill level 4 in Spellcasting
  4690 | D:4      | Found a sparkling altar of Nemelex Xobeh.
  4732 | D:4      | Reached XP level 6. HP: 32/42 MP: 0/0
  5064 | D:4      | Found an ornate altar of the Wu Jian Council.
  5088 | D:4      | Reached skill level 1 in Invocations
  5209 | D:4      | Found a broken altar of Ashenzari.
  5871 | D:4      | Reached XP level 7. HP: 41/49 MP: 0/0
  5871 | D:4      | Learned a level 3 spell: Dazzling Flash
  5873 | D:4      | Reached ** piety under Makhleb
  6093 | D:5      | Entered Level 5 of the Dungeon
  6257 | D:5      | Found a staircase to the Ecumenical Temple.
  6482 | D:5      | Reached skill level 5 in Spellcasting
  6941 | D:5      | Found a hide-covered altar of Uskayaw.
  7206 | D:5      | Reached XP level 8. HP: 48/55 MP: 0/0
  7294 | D:5      | Found a large runed translucent door.
  7298 | D:5      | Found a large runed translucent door.
  7298 | D:5      | Found a shimmering altar of Xom.
  7779 | D:6      | Noticed Sigmund
  7792 | D:6      | Killed Sigmund
  7827 | D:6      | Reached skill level 6 in Spellcasting
  8061 | D:6      | Reached skill level 5 in Dodging
  8220 | D:6      | Reached XP level 9. HP: 46/62 MP: 0/0
  8220 | D:6      | Learned a level 3 spell: Vampiric Draining
  8233 | D:6      | Found a glowing drain.
  8360 | Sewer    | Entered a sewer
  8451 | Sewer    | Reached *** piety under Makhleb
  9188 | D:6      | Identified the +6 fustibalus "Hiewin" {venom, *Slow rF++
                  | rN+++ Str-5}
  9849 | D:7      | Identified a scroll of acquirement
  9849 | D:7      | Acquired a +0 buckler of protection
 10130 | D:7      | Noticed a hornet
 10477 | D:7      | Found a runed translucent door.
 10477 | D:7      | Noticed jokaro's ghost (novice GrFi)
 10530 | D:7      | Killed a hornet
 10531 | D:7      | Reached skill level 5 in Fighting
 10531 | D:7      | Reached skill level 1 in Shields
 10531 | D:7      | Reached skill level 7 in Spellcasting
 10849 | D:7      | Reached XP level 10. HP: 59/70 MP: 0/0
 11065 | D:8      | Identified the +7 trident of Watchfulness {vorpal, Int+5}
 11179 | D:8      | Noticed Joseph
 11608 | D:8      | Killed Joseph
 11609 | D:8      | Reached skill level 1 in Polearms
 12219 | D:9      | Noticed Psyche
 12333 | D:9      | Found Muhiag's Armour Shoppe.
 12351 | D:9      | Reached **** piety under Makhleb
 12368 | D:8      | Reached skill level 5 in Invocations
 12489 | D:8      | Reached skill level 1 in Armour
 12541 | D:9      | Noticed an unseen horror
 12567 | D:9      | Noticed a two-headed ogre
 12573 | D:9      | Killed Psyche
 12878 | D:9      | Killed a two-headed ogre
 12879 | D:9      | Reached XP level 11. HP: 73/76 MP: 0/0
 12879 | D:9      | Learned a level 5 spell: Summon Forest
 12892 | D:9      | Identified the +3 spear of Dithmenos's Grace {freeze, rElec
                  | rF- rC+++ rN+++}
 13040 | D:9      | Noticed a manticore
 13057 | D:9      | Killed a manticore
 13215 | D:9      | Noticed an eight-headed hydra
 13435 | D:9      | Reached skill level 5 in Polearms
 13760 | D:9      | Reached ***** piety under Makhleb
 13995 | D:9      | Found a staircase to the Lair.
 14334 | Lair:1   | Entered Level 1 of the Lair of Beasts
 14963 | Lair:2   | You are sucked into a shaft and drop 1 floor!
 15022 | Lair:2   | Found a hole to the Spider Nest.
 15035 | Lair:2   | Identified the +8 plate armour of Neno {Harm Dex+6 Stlth+}
 15152 | Lair:2   | Noticed Sonja
 15162 | Lair:2   | Reached skill level 8 in Spellcasting
 15164 | Lair:2   | Killed Sonja
 15303 | Lair:2   | Reached XP level 12. HP: 83/84 MP: 0/0
 16381 | Lair:3   | Reached skill level 5 in Shields
 16529 | Lair:3   | Found a staircase to the Swamp.
 17337 | Lair:3   | Reached XP level 13. HP: 78/92 MP: 0/0
 17337 | Lair:3   | Learned a level 5 spell: Iskenderun's Battlesphere
 17349 | Lair:3   | Reached skill level 9 in Spellcasting
 18848 | Lair:4   | HP: 2/92 [oklob plant/splash of acid (25)]
 19439 | Lair:5   | Noticed a seven-headed hydra
 19449 | Lair:5   | Killed a seven-headed hydra
 19603 | Lair:5   | Reached ****** piety under Makhleb
 19693 | Lair:5   | Noticed a four-headed hydra
 19702 | Lair:5   | Killed a four-headed hydra
 20083 | Lair:5   | Reached skill level 10 in Spellcasting
 20436 | Lair:6   | Entered Level 6 of the Lair of Beasts
 20664 | Lair:6   | Found a staircase to the Slime Pits.
 20779 | Lair:6   | Identified the +1 robe "Otsisux" {Str+3}
 20869 | Lair:6   | Noticed a boulder beetle
 20886 | Lair:6   | Killed a boulder beetle
 21607 | Lair:6   | Reached XP level 14. HP: 15/99 MP: 0/0
 22554 | Lair:6   | Reached skill level 11 in Spellcasting
 23206 | Lair:6   | Found a staircase to the Slime Pits.
 23845 | D:10     | Entered Level 10 of the Dungeon
 24894 | D:11     | Noticed Josephine
 25000 | D:11     | Found Vomned's Self-Improvement Boutique.
 25144 | D:11     | Killed Josephine
 25297 | D:11     | Reached skill level 12 in Spellcasting
 25712 | D:12     | Found a staircase to the Orcish Mines.
 25814 | D:12     | Noticed Kirke
 25830 | D:12     | Killed Kirke
 25831 | D:12     | Reached XP level 15. HP: 105/105 MP: 0/0
 25831 | D:12     | Learned a level 6 spell: Summon Cactus Giant
 26435 | Orc:1    | Entered Level 1 of the Orcish Mines
 26652 | Orc:2    | Entered Level 2 of the Orcish Mines
 27628 | Orc:2    | Reached skill level 13 in Spellcasting
 27654 | Orc:2    | Found Oboiqais's Armour Boutique.
 27654 | Orc:2    | Found Lagag's Weapon Boutique.
 27655 | Orc:2    | Found Rykucw's Jewellery Emporium.
 27655 | Orc:2    | Found Osuc's Magic Scroll Emporium.
 27727 | Orc:2    | Found a staircase to the Elven Halls.
 28551 | D:13     | Got the +2 broad axe of the Hidden Vale {freeze, Fragile
                  | rPois rCorr Str+3}
 28693 | D:13     | Found a runed translucent door.
 28699 | D:13     | Noticed Howuklu's ghost (journeyman DjCA)
 28932 | D:13     | Noticed Urug
 28948 | D:13     | Killed Urug
 29158 | D:13     | Found a gate to the Vaults.
 29335 | D:13     | Killed Howuklu's ghost
 29344 | D:13     | Identified the +7 rapier of Fate {vamp, rC+ SInv}
 29937 | D:14     | Identified the ring "Jicado" {rElec rN+ Will+ Slay+4}
 30361 | D:14     | Reached skill level 10 in Fighting
 30817 | D:15     | Entered Level 15 of the Dungeon
 30928 | D:15     | Found a staircase to the Depths.
 31019 | D:15     | Reached skill level 10 in Invocations
 31019 | D:15     | Reached XP level 16. HP: 88/113 MP: 0/0
 31143 | D:15     | Reached skill level 14 in Spellcasting
 31527 | D:15     | Found a large runed translucent door.
 31527 | D:15     | Found a large runed translucent door.
 31531 | D:15     | Noticed AyAyRon's ghost (adept DsFi)
 31935 | D:7      | Killed jokaro's ghost
 32080 | Swamp:1  | Entered Level 1 of the Swamp
 32202 | Swamp:1  | Identified the ring "Duol" {rN+ Dex+3}
 32823 | Swamp:2  | Reached skill level 10 in Dodging
 32826 | Swamp:2  | Reached skill level 15 in Spellcasting
 33070 | Swamp:2  | Noticed a thorn hunter
 33090 | Swamp:2  | Killed a thorn hunter
 33144 | Swamp:2  | Noticed a fenstrider witch
 33158 | Swamp:2  | Killed a fenstrider witch
 33748 | Swamp:3  | Noticed Mlioglotl
 33754 | Swamp:3  | Killed Mlioglotl
 33812 | Swamp:3  | Found a frozen archway.
 33845 | Swamp:3  | Reached XP level 17. HP: 99/120 MP: 0/0
 33845 | Swamp:3  | Learned a level 6 spell: Death Channel
 33919 | IceCv    | Entered an ice cave
 34321 | IceCv    | Reached skill level 16 in Spellcasting
 34444 | IceCv    | Identified the ring "Hasea" {Ice Contam Str+3 Int+3}
 34446 | IceCv    | Identified the ring of Mozupul {*Slow rElec AC+4 Int-4
                  | Dex+10}
 35217 | Swamp:4  | Entered Level 4 of the Swamp
 35413 | Swamp:4  | Noticed Nikola
 35598 | Swamp:4  | Killed Nikola
 35755 | Swamp:4  | Reached skill level 17 in Spellcasting
 35808 | Swamp:4  | Noticed Bai Suzhen
 35818 | Swamp:4  | Reached XP level 18. HP: 95/128 MP: 0/0
 35822 | Swamp:4  | Killed Bai Suzhen
 35879 | Swamp:4  | Noticed the 27-headed Lernaean hydra
 35910 | Swamp:4  | Noticed an Executioner
 35911 | Swamp:4  | Killed the 27-headed Lernaean hydra
 35989 | Swamp:4  | Got a decaying rune of Zot
 36454 | Spider:1 | Entered Level 1 of the Spider Nest
 36479 | Spider:1 | Noticed Aizul
 36497 | Spider:1 | Killed Aizul
 37157 | Spider:1 | Noticed Frances
 37175 | Spider:1 | Killed Frances
 37767 | Spider:2 | You are sucked into a shaft and drop 1 floor!
 38561 | Spider:3 | Reached skill level 18 in Spellcasting
 39244 | Spider:4 | Entered Level 4 of the Spider Nest
 39401 | Spider:4 | Reached XP level 19. HP: 131/135 MP: 0/0
 39401 | Spider:4 | Learned a level 7 spell: Dragon Form
 39553 | Spider:4 | Reached XP level 20. HP: 115/141 MP: 0/0
 39618 | Spider:4 | Reached skill level 10 in Polearms
 39818 | Spider:4 | Got a gossamer rune of Zot
 40578 | Elf:1    | Entered Level 1 of the Elven Halls
 40802 | Vaults:1 | Entered Level 1 of the Vaults
 41307 | Vaults:1 | Found Cithrat's Assorted Antiques.
 41526 | Vaults:1 | Reached skill level 19 in Spellcasting
 41734 | Vaults:1 | Reached XP level 21. HP: 147/148 MP: 0/0
 41734 | Vaults:1 | Learned a level 7 spell: Monstrous Menagerie
 43782 | Elf:1    | Reached skill level 5 in Stealth
 44005 | Elf:1    | Reached skill level 10 in Shields
 44074 | Elf:1    | Found Omeroarph's Assorted Antiques.
 45306 | Elf:2    | Identified the +5 chain mail of Dust Devil {rN+ Stlth+}
 45422 | Elf:2    | Reached skill level 20 in Spellcasting
 45613 | Elf:2    | Found a runed translucent gate.
 45615 | Elf:2    | Found a runed translucent gate.
 45615 | Elf:2    | Found a runed translucent gate.
 45809 | Elf:3    | Entered Level 3 of the Elven Halls
 45909 | Elf:3    | Reached XP level 22. HP: 149/157 MP: 0/0
 46156 | Elf:3    | Paralysed by an air elemental for 1 turns
 46601 | Elf:3    | Identified the +1 trident "Gint" {spect, rC+ MP-9 Int+4
                  | Dex+5}
 46710 | Elf:3    | Identified the +1 robe "Bupnucoq" {Will+ Archmagi}
 46815 | Elf:3    | Found the +3 crown of Dyrovepreva {rElec Int+2 SInv}
 47189 | Elf:3    | Identified the ring "Rorgha" {Will+ AC+4 Str+7}
 47974 | Vaults:2 | Found Ibreuma's Book Shop.
 48049 | Vaults:2 | You are sucked into a shaft and drop 2 floors!
 48274 | Vaults:3 | Found a crumbling gateway.
 48289 | Desolati | Entered the Desolation of Salt
 48675 | Desolati | Identified the +0 robe "Nayloiho" {Regen+}
 48964 | Desolati | Identified the +2 spear "Zedirchev" {drain, rPois rF+ Str-4
                  | Int+8 Dex-4}
 49002 | Desolati | Identified the +7 halberd of Analysis {drain, rN+ Dex+2}
 49019 | Desolati | Found the +5 robe of Night {Dark Will+ SInv}
 49169 | Desolati | Identified the +7 glaive "Ovaoxilo" {vorpal, Fly rF- Int+5}
 49216 | Desolati | Reached skill level 21 in Spellcasting
 49288 | Desolati | Reached XP level 23. HP: 156/164 MP: 0/0
 49288 | Desolati | Learned a level 8 spell: Lehudib's Crystal Spear
 49626 | Vaults:3 | Found Memenk's General Store.
 49634 | Vaults:3 | Bought a scroll of teleportation for 39 gold pieces
 49729 | Vaults:2 | Found a staircase to the Crypt.
 49729 | Vaults:2 | Found a basalt altar of Yredelemnul.
 51444 | Vaults:3 | Noticed Asterion
 51456 | Vaults:3 | Killed Asterion
 51732 | Vaults:3 | Noticed Frederick
 51741 | Vaults:3 | Killed Frederick
 54514 | D:13     | Identified the ring "Oruur" {Fire Str+9 Int+5 Dex+2}
 54714 | D:15     | Killed AyAyRon's ghost
 54715 | D:15     | Reached XP level 24. HP: 158/172 MP: 0/0
 54723 | D:15     | Identified the +6 quarterstaff of Unpleasantness {distort,
                  | rC+ Int+4}
 55057 | Depths:1 | Entered Level 1 of the Depths
 55096 | D:15     | Reached skill level 15 in Invocations
 55222 | Depths:1 | Noticed a caustic shrike
 55233 | D:15     | Reached skill level 15 in Fighting
 55297 | D:15     | Killed a caustic shrike
 55298 | D:15     | Reached skill level 22 in Spellcasting
 55473 | Depths:1 | Noticed a caustic shrike
 55556 | Depths:1 | Noticed a caustic shrike
 55560 | Depths:1 | Killed a caustic shrike
 55570 | Depths:1 | Killed a caustic shrike
 55959 | Depths:2 | Found a gateway to Hell.
 55995 | Depths:2 | Found a stormy altar of Qazlal.
 56075 | Depths:2 | Found a sparkling altar of Nemelex Xobeh.
 56140 | Depths:1 | Noticed a caustic shrike
 56147 | Depths:1 | Killed a caustic shrike
 56888 | Depths:2 | Found a portal to a secret trove of treasure.
 57311 | Depths:2 | Found a one-way gate leading to the halls of Pandemonium.
 57633 | Depths:2 | You paid a toll of 8 potions of haste to enter a treasure
                  | trove
 57634 | Trove    | Entered a treasure trove
 57636 | Trove    | Found the +8 orange crystal plate armour {Archmagi, Int+3
                  | Clar}
 57641 | Trove    | Identified the +8 crystal plate armour "Vimouw" {+Blink
                  | Fly}
 57646 | Trove    | Identified the +3 ice dragon scales of the Stars {rElec rF-
                  | rC++}
 57648 | Trove    | Identified the +5 kite shield of Ynevoxum {Harm Slay+3
                  | Stlth+}
 57650 | Trove    | Identified the +0 chain mail of the Last Moons {rCorr}
 57654 | Trove    | Identified the +5 scale mail of Kikubaaqudgha's Regard
                  | {-Tele Harm Str+5 Int+3}
 57660 | Trove    | Identified the +6 chain mail of a wizard's laboratory
                  | {*Corrode rPois rF+}
 57665 | Trove    | Identified the -4 pair of gloves of Masochism {Fly Str+2}
 57667 | Trove    | Identified the +2 hat "Luudgh" {Str+7}
 57669 | Trove    | Identified the +0 cloak of Sesiraro {rC+}
 58350 | D:11     | Bought a manual of Fighting for 1200 gold pieces
 59170 | Depths:3 | Identified the +4 long sword "Keeps" {protect, *Noise rF+++
                  | MP+9 Int+3}
 59220 | Depths:3 | Reached XP level 25. HP: 164/180 MP: 0/0
 59220 | Depths:3 | Learned a level 9 spell: Chain Lightning
 59351 | Depths:3 | You are sucked into a shaft and drop 1 floor!
 59351 | Depths:4 | Entered Level 4 of the Depths
 59405 | Depths:4 | Noticed a caustic shrike
 59407 | Depths:4 | Noticed a caustic shrike
 59408 | Depths:4 | Noticed a caustic shrike
 59417 | Depths:4 | Killed a caustic shrike
 59419 | Depths:4 | Killed a caustic shrike
 59420 | Depths:4 | Reached skill level 23 in Spellcasting
 59427 | Depths:4 | Killed a caustic shrike
 59485 | Depths:4 | Noticed Saint Roka
 59494 | Depths:4 | Killed Saint Roka
 59837 | Depths:3 | Found Qacrut's Antique Armour Shoppe.
 59841 | Depths:3 | Found Kedwuf's General Store.
 59845 | Depths:3 | Bought a distressingly furry robe for 205 gold pieces
 59845 | Depths:3 | Identified the +1 robe "Atte" {Int-2 Dex+9 Slay+4} (You
                  | bought it in a shop on level 3 of the Depths)
 59845 | Depths:3 | Bought a jewelled leather armour for 252 gold pieces
 59845 | Depths:3 | Identified the +1 leather armour "Estrymah" {Harm rC+
                  | Slay-2 SInv} (You bought it in a shop on level 3 of the
                  | Depths)
 59901 | Depths:3 | Noticed Louise
 59913 | Depths:3 | Killed Louise
 59920 | Depths:3 | Found a one-way gate to the infinite horrors of the Abyss.
 60139 | Depths:3 | Noticed a juggernaut
 60145 | Depths:3 | Killed a juggernaut
 60929 | Depths:4 | Found a gate to the Realm of Zot.
 61110 | Depths:4 | Found a one-way gateway to a ziggurat.
 61904 | Vaults:5 | Entered Level 5 of the Vaults
 61907 | Vaults:5 | Noticed Sojobo
 61915 | Vaults:5 | Reached XP level 26. HP: 110/191 MP: 0/0
 61930 | Vaults:5 | Noticed an ancient lich
 61933 | Vaults:5 | Killed an ancient lich
 61942 | Vaults:5 | Reached skill level 24 in Spellcasting
 61981 | Vaults:5 | Noticed Boris
 61988 | Vaults:5 | Killed Boris
 62124 | Vaults:5 | Found Atap's Antique Weapon Boutique.
 62126 | Vaults:5 | Found Vikaobuna's Assorted Antiques.
 62193 | Vaults:5 | Killed Sojobo
 62213 | Vaults:5 | Identified the amulet "Sighom" {rPois Regen+ Str+4 Stlth+}
 62449 | Vaults:5 | Noticed a dread lich
 62460 | Vaults:5 | Killed a dread lich
 62814 | Vaults:5 | Got a silver rune of Zot
 62973 | Vaults:5 | Identified the +3 ring mail "Fiqyil" {Will+ Str-3 Int+2}
 64046 | Vaults:5 | Found Atap's Antique Weapon Boutique.
 64048 | Vaults:5 | Found Vikaobuna's Assorted Antiques.
 64307 | Vaults:5 | Bought a scroll of acquirement for 2236 gold pieces
 64465 | Vaults:1 | Bought a potion of heal wounds for 135 gold pieces
 64679 | Orc:2    | Bought a scroll of teleportation for 39 gold pieces
 64679 | Orc:2    | Bought a scroll of teleportation for 39 gold pieces
 64679 | Orc:2    | Bought a scroll of fear for 45 gold pieces
 64747 | Elf:1    | Bought a potion of might for 164 gold pieces
 64747 | Elf:1    | Bought a scroll of magic mapping for 143 gold pieces
 64952 | D:9      | Acquired 786 gold pieces
 65300 | Zot:1    | Entered Level 1 of the Realm of Zot
 65436 | Zot:1    | Reached XP level 27. HP: 159/201 MP: 0/0
 65436 | Zot:1    | Learned a level 9 spell: Fire Storm
 65779 | Zot:1    | Reached skill level 25 in Spellcasting
 65997 | Zot:2    | Reached skill level 15 in Shields
 66180 | Zot:2    | Noticed a Killer Klown
 66190 | Zot:2    | Killed a Killer Klown
 66383 | Zot:2    | Noticed a Killer Klown
 66386 | Zot:2    | Killed a Killer Klown
 67049 | Zot:3    | Reached skill level 15 in Dodging
 68795 | Zot:4    | Identified the ring "Coyphy" {rN+ Will- Str+5}
 69179 | Zot:4    | Noticed a Killer Klown
 69182 | Zot:4    | Killed a Killer Klown
 69195 | Zot:4    | Found Jineg's Changing Room.
 69242 | Zot:4    | Bought 2 potions of mutation for 256 gold pieces
 69457 | Zot:4    | Identified the +3 mace "Acvigeppo" {vorpal, *Corrode rN+
                  | Str+4 Stlth+}
 69541 | Zot:4    | Noticed a Killer Klown
 69545 | Zot:4    | Killed a Killer Klown
 69698 | Zot:5    | Entered Level 5 of the Realm of Zot
 69939 | Zot:5    | Identified the +5 ring mail "Taut" {rN+ rCorr Dex+6 Slay-2}
 70003 | Zot:5    | Noticed an ancient lich
 70008 | Zot:5    | Killed an ancient lich
 70055 | Zot:5    | Noticed an ancient lich
 70057 | Zot:5    | Killed an ancient lich
 70060 | Zot:5    | Noticed an ancient lich
 70136 | Zot:5    | Killed an ancient lich
 70137 | Zot:5    | Noticed a Killer Klown
 70211 | Zot:5    | Noticed an orb of fire
 70212 | Zot:5    | Gained mutation: You are clumsy. (Dex -2) [an orb of fire]
 70216 | Zot:5    | Gained mutation: You expend health (3 HP) to strengthen
                  | your wands. [an orb of fire]
 70218 | Zot:5    | Killed an orb of fire
 70304 | Zot:5    | Noticed a Killer Klown
 70306 | Zot:5    | Killed a Killer Klown
 70308 | Zot:5    | Noticed an ancient lich
 70309 | Zot:5    | Noticed a dread lich
 70313 | Zot:5    | Killed an ancient lich
 70316 | Zot:5    | Killed a dread lich
 70609 | Zot:5    | Noticed a Killer Klown
 70611 | Zot:5    | Killed a Killer Klown
 70659 | Zot:5    | Noticed an ancient lich
 70662 | Zot:5    | Killed an ancient lich
 70935 | Zot:5    | Noticed an orb of fire
 70943 | Zot:5    | Killed an orb of fire
 70975 | Zot:5    | Noticed a Killer Klown
 70980 | Zot:5    | Killed a Killer Klown
 70982 | Zot:5    | Killed a Killer Klown
 70983 | Zot:5    | Noticed an orb of fire
 70989 | Zot:5    | Killed an orb of fire
 71045 | Zot:5    | Noticed a dread lich
 71048 | Zot:5    | Killed a dread lich
 71054 | Zot:5    | Noticed a dread lich
 71057 | Zot:5    | Killed a dread lich
 71064 | Zot:5    | Noticed a dread lich
 71067 | Zot:5    | Killed a dread lich
 71319 | Zot:5    | Reached skill level 26 in Spellcasting
 71821 | Zot:5    | Got the Orb of Zot
 71862 | Zot:5    | Gained mutation: You tend to lose your temper in combat. [a
                  | cacodemon]
 72029 | Depths:4 | Noticed Poenneng the pandemonium lord
 72036 | Depths:4 | Killed Poenneng the pandemonium lord
 72428 | D:1      | Woot!
 72429 | D:$      | Escaped with the Orb!

Illustrated notes

#.# #...#.....###.....# ##### #.#
#.###.....# #.....## #....
#.####.##.....## ##.....# #....
#....#.##..#..# #..#..####....
####.#.##..#..# #..#..#).'....
#####(#.##.....## ##.....#.##....
......#.###.....# #.....##.##....
..#####.###.....###.....##.##....
..+......^##....@#.....###.##†...
..#####.#.###.........##.#.#####.
### #.#.# ###.....###..#'### #.
#######.#.# ####### #......# #.
........#.# #......# ##
........#.# #......# ........#.#
#......#
#####'###.#############......#
.......................).....#


Turn 72428 on D:1: Woot!

Levels and vault maps discovered:
D:1:      minmay_arrival_loop, layout_basic, feat_on_display
D:2:      layout_basic, minmay_box_of_dots
D:3:      layout_basic, chequers_ecumenical_altar_island
D:4:      layout_cave_pods, mainiacjoe_overflow_two_lobes,
          mainiacjoe_overflow_24_doors
D:5:      due_chaos_kobolds, layout_loops_corners,
          nicolae_uskayaw_murder_on_the_dancefloor, minmay_temple_entry_glass
D:6:      layout_loops_ring, portal_sewer_entry_e, uniq_sigmund
D:7:      layout_loops_ring, gammafunk_ghost_grave,
          chequers_serial_rivers_micro_e
D:8:      layout_cave_pods, uniq_joseph
D:9:      minmay_bloctagon_deflated, layout_cave_pools,
          due_lair_maze_entry_diamond, special_room [special_room_orc],
          serial_shops, nicolae_shop_behind_doors, uniq_psyche
D:10:     layout_irregular_city, kennysheep_dice
D:11:     layout_gridville, nicolae_shop_self_help, uniq_josephine
D:12:     layout_gridville, orc_0_dummy, uniq_kirke
D:13:     minmay_coctagon, layout_loops_ring, david_vaults_5,
          ebering_ghost_reflecting_pool, hangedman_devilish_allure, uniq_urug
D:14:     layout_loops_ring, corexii_hall_statues_s
D:15:     gammafunk_depths_entry_grave, layout_long_grid,
          ebering_ghost_disaster_area, grunt_decor_cap
Lair:1:   layout_hall_layers
Lair:2:   layout_hall_layers, spider_nest_entry_webs, grunt_megastairs_4,
          lemuel_fruit_fields, uniq_sonja
Lair:3:   layout_hall_layers, minmay_swamp_entry_eels
Lair:4:   layout_hall_layers, nicolae_lair_grove_arrangements, dpeg_oklob_1
Lair:5:   layout_regular_city, cheibrodos_lair_lostbears
Lair:6:   grunt_lair_end_beastmaster, layout_hall_layers,
          nicolae_slime_entry_slimehenge, fungi_pond_lemuel
Swamp:1:  layout_falls_marsh, evilmike_swamp_ruin_wall
Swamp:2:  layout_basic_swamp, evilmike_swamp_ruin_house_5
Swamp:3:  layout_falls_marsh, portal_ice_cave_entry_ice_statue_two,
          evilmike_swamp_ruin_rubble_1, uniq_mlioglotl
Swamp:4:  grunt_swamp_rune_castle, layout_basic_swamp, uniq_nikola,
          uniq_bai_suzhen
Spider:1: layout_chambers, uniq_frances, uniq_aizul
Spider:2: layout_spider_delve, nicolae_spider_not_touching_you
Spider:3: layout_spider_delve, worms_lemuel
Spider:4: hellmonk_spider_rune_endless_swarm, hellmonk_test_site
Orc:1:    layout_caves
Orc:2:    st_orc_elflike, layout_diamond_mine, nicolae_orc_pool_cavern
Elf:1:    minmay_elf_arrival_plus, layout_loops_corners, serial_shops,
          nicolae_shop_crystal, minmay_elf_sorcery, st_stairs_7
Elf:2:    nicolae_elf_blades_crystal_corner, layout_onion_city, uniq_jorgrun
Elf:3:    minmay_elf_hall_not_hex, layout_gridlike
Vaults:1: nicolae_vaults_network_quinsquares
          [nicolae_vaults_network_quincunx_subvault,
          nicolae_vaults_network_quincunx_subvault,
          nicolae_vaults_network_quincunx_subvault,
          nicolae_vaults_network_quincunx_subvault], v_alt_pattern_1,
          vaults_dpeg_encased_lava, nicolae_vaults_little_squares_6,
          ontoclasm_vaults_pinch, v_pattern_5, nicolae_vaults_branching_niches,
          vaults_dpeg_cross, vaults_room_grunt_arrival_ludios,
          hangedman_vaults_slice, nicolae_vaults_theta, v_misc_5,
          nicolae_vaults_alarming, layout_vaults_omnicross, serial_shops,
          nicolae_shop_statue_plus
Vaults:2: grunt_vaults_funnel, v_misc_26, minmay_crypt_entry_necro_gods,
          v_misc_22, nicolae_vaults_windows_and_doors_thing, v_pattern_2,
          v_misc_33, ontoclasm_vaults_shout, nicolae_vaults_border_crossing,
          nicolae_vaults_rhombus_7, v_misc_15, hangedman_vaults_corner_blocks,
          layout_vaults_maze, serial_shops, nicolae_shop_waterfront
Vaults:3: portal_desolation_entry_salt, v_misc_25, hangedman_vaults_restitches,
          v_alt_pattern_2, nicolae_vaults_little_squares_5,
          nicolae_vaults_specimen_jars, hangedman_vaults_stretched_pinwheel,
          ontoclasm_vaults_decontamination, ontoclasm_vaults_gateway,
          layout_vaults_omnigrid, serial_shops, nicolae_shop_hallway_plus,
          uniq_asterion, uniq_frederick
Vaults:4: v_misc_31, v_pattern_1, v_misc_2, vaults_dpeg_ring,
          nicolae_vaults_diagonal_hallway_8, layout_vaults_big_room
Vaults:5: uniq_boris, uniq_sojobo
Depths:1: layout_cave_pools, serial_glass, glass_columns_b, glass_columns_c,
          pf_hell_entry_tar_river, kiku_gazebo_pond_becter,
          minmay_misc_feat_roman, solitary_fountain,
          nicolae_figureground_sparkle
Depths:2: lemuel_troll_bridge, layout_gridville, rand_demon_pan_entry_1,
          hell_entry, nicolae_trove_entry_free_sample,
          nemelex_diamond_rough_becter, nicolae_qazlal_style_of_elements,
          firewood_loft, infiniplex_staircase_zigzag_3, grunt_megastairs_3
Depths:3: minmay_skeleton_keep, layout_honeycomb,
          nicolae_abyss_entry_one_way_or_another, glass_columns_b,
          rand_demon_pan_entry_4, hell_entry,
          amcnicky_mini_rare_corridor_liquid, infiniplex_staircase_spiral,
          minmay_shop_star, kennysheep_random_hallway
Depths:4: grunt_twist_and_shout, layout_cave_shapes, ziggurat_fallback,
          minmay_misc_feat_nine_boxes, grunt_mini_vestibule,
          serial_bayou_shore_a, serial_bayou_shore_b, uniq_saint_roka
Zot:1:    layout_misc_corridors
Zot:2:    circus_mu, layout_misc_corridors
Zot:3:    layout_basic
Zot:4:    grunt_zot_stairs_faceoff, layout_gridville,
          nicolae_transmutations_shop
Zot:5:    layout_twisted_circle

Skill      XL: |  1  2  3  4  5  6  7  8  9 10 11 12 13 14 15 16 17 18 19 20 21 22 23 24 25 26 27 |
---------------+----------------------------------------------------------------------------------+-----
Spellcasting   | 3 4 5 6 7 8 10 12 13 15 17 18 19 20 21 22 23 24 26 | 26.1
Fighting       | 1 2 3 5 6 7 8 9 10 11 12 13 14 15 17 18 20 | 20.0
Dodging        | 3 4 5 7 8 9 10 17 | 17.9
Invocations    | 1 2 3 4 5 6 7 8 9 10 11 12 13 14 15 | 15.0
Shields        | 1 3 4 5 6 7 8 9 10 11 12 13 14 20 | 20.1
Polearms       | 3 6 7 8 9 10 11 12 | 12.0
Armour         | 1 3 4 |  4.8
Stealth        | 2 3 4 5 |  5.0
Short Blades   | |  0.2

Action                   |  1- 3 |  4- 6 |  7- 9 | 10-12 | 13-15 | 16-18 | 19-21 | 22-24 | 25-27 || total
-------------------------+-------+-------+-------+-------+-------+-------+-------+-------+-------++-------
Melee: Dagger            |    10 |    33 |   186 |       |       |       |       |       |       ||   229
       Punch             |     1 |     1 |     6 |       |       |       |       |       |       ||     8
       Trident           |       |       |       |   291 |       |       |    16 |       |       ||   307
       Spear             |       |       |       |    63 |   182 |   134 |   106 |   115 |    17 ||   617
 Cast: Magic Dart        |    81 |   156 |   228 |    90 |   464 |   341 |   167 |   137 |       ||  1664
       Mephitic Cloud    |       |     4 |    12 |    28 |    44 |    30 |    73 |    24 |     4 ||   219
       Conjure Flame     |       |     2 |    15 |    12 |     6 |       |       |       |       ||    35
       Ensorcelled Hiber |       |       |       |    26 |     4 |       |     3 |       |       ||    33
       Summon Forest     |       |       |       |    21 |    36 |    47 |    40 |    64 |    24 ||   232
       Vampiric Draining |       |       |       |    26 |    23 |    25 |    37 |    40 |    70 ||   221
       Dazzling Flash    |       |       |       |     1 |       |       |       |       |       ||     1
       Iskenderun's Batt |       |       |       |       |   126 |    90 |    63 |    55 |     1 ||   335
       Blink             |       |       |       |       |     2 |     1 |       |     5 |       ||     8
       Summon Cactus Gia |       |       |       |       |    34 |   124 |   106 |   141 |    39 ||   444
       Call Imp          |       |       |       |       |       |     1 |       |     1 |       ||     2
       Death Channel     |       |       |       |       |       |    78 |   129 |   170 |    76 ||   453
       Monstrous Menager |       |       |       |       |       |       |    39 |   126 |    45 ||   210
       Lehudib's Crystal |       |       |       |       |       |       |       |   247 |   212 ||   459
       Chain Lightning   |       |       |       |       |       |       |       |       |   282 ||   282
       Fire Storm        |       |       |       |       |       |       |       |       |   138 ||   138
       Dragon Form       |       |       |       |       |       |       |       |       |     1 ||     1
Invok: Minor Destruction |       |       |     1 |       |       |       |       |       |       ||     1
       Lesser Servant of |       |       |       |     6 |    20 |    29 |     2 |     1 |       ||    58
       Greater Servant o |       |       |       |       |     2 |     7 |     3 |     1 |     3 ||    16
 Abil: End Transformatio |       |       |       |       |       |       |       |       |     1 ||     1
Evoke: Wand              |       |       |       |       |       |       |       |       |     2 ||     2
  Use: Scroll            |       |     8 |     9 |     6 |     7 |     3 |     2 |     2 |    19 ||    56
       Potion            |       |       |     1 |       |       |       |     1 |     4 |    10 ||    16
 Stab: Confused          |       |       |    10 |    16 |    12 |     7 |    13 |       |       ||    58
       Sleeping          |       |       |       |    14 |     2 |     1 |     3 |       |       ||    20
       Distracted        |       |       |       |     1 |     3 |     5 |     2 |     6 |     1 ||    18
       Paralysed         |       |       |       |       |       |       |       |     1 |       ||     1
Armor: Robe              |     5 |     9 |    38 |       |       |       |       |       |       ||    52
       Leather armour    |       |       |       |    86 |    17 |       |       |       |       ||   103
       Troll leather arm |       |       |       |       |    47 |    82 |    31 |    52 |    46 ||   258
Dodge: Dodged            |     2 |    23 |   120 |   154 |   158 |   153 |    71 |   140 |   122 ||   943
Block: Buckler           |       |       |     3 |    69 |    82 |    77 |     2 |       |       ||   233
       Kite shield       |       |       |       |       |       |       |    60 |   133 |    69 ||   262
       Tower shield      |       |       |       |       |       |       |       |       |    39 ||    39
